 Dungeon Crawl Stone Soup version 0.31.0-32-g396128a36d (webtiles) character file.

Game seed: 2775787686748455251

22 frostburnice the Trooper (level 2, -1/24 HPs)
             Began as a Demonspawn Monk on Apr 11, 2024.
             Slain by Terence
             ... wielding a +0 flail
              (7 damage)
             ... on level 3 of the Dungeon.
             The game lasted 00:15:48 (502 turns).

frostburnice the Trooper (Demonspawn Monk)           Turns: 502, Time: 00:15:48

Health: -1/24      AC:  8    Str: 11    XL:     2   Next: 68%
Magic:  2/2        EV:  6    Int: 10    God:
Gold:   63         SH:  0    Dex: 15    Spells: 1/1 levels left

rFire   + . .        e - +1 sling
rCold   + . .        d - orb {light}
rNeg    . . .        q - +0 chain mail
rPois   +            (no helmet)
rElec   +            (no cloak)
rCorr   +            (no gloves)
SInv    .            (no boots)
Will    .....        h - amulet of magic regeneration Stlth
                     (no ring)
HPRegen 0.24/turn    (no ring)
MPRegen 0.48/turn

%: no passive effects
@: mighty, resistant, glowing, invisible (but backlit and visible)
A: spiny 1
a: no special abilities


You were on level 3 of the Dungeon.
You visited 1 branch of the dungeon, and saw 3 of its levels.

You collected 63 gold pieces.

Inventory:

Hand Weapons
 a - a +0 club
 c - a +0 short sword
 e - a +1 sling (weapon)
 f - a +0 dagger
Missiles
 j - 13 stones
Armour
 b - a +0 robe
 d - an orb of light (worn)
 q - a +0 chain mail (worn)
Jewellery
 h - an amulet of magic regeneration (around neck)
Talismans
 i - a beast talisman
Scrolls
 n - a scroll of identify {unknown}
 p - a scroll of amnesia {unknown}


   Skills:
 + Level 3.2 Fighting
 + Level 3.0 Short Blades
 + Level 0.8 Ranged Weapons
 + Level 3.0 Dodging


You had one spell level left.
You didn't know any spells.
Your spell library was empty.

Dungeon Overview and Level Annotations

Branches:
Dungeon (3/15)

Altars:

Annotations:
D:3 Terence


Innate Abilities, Weirdness & Mutations

You are partially covered in sharp spines.


Message History

You start putting on your amulet.
You continue putting on your amulet of magic regeneration. x5
You finish putting on your amulet of magic regeneration.
h - an amulet of magic regeneration (around neck)
As you read the scroll labelled TIKHIU AKLI, it crumbles to dust.
You assume a fearsome visage.
Nothing appears to happen.
It was a scroll of fear.
As you read the scroll labelled EPPIESCHEZ BOODI, it crumbles to dust.
It is a scroll of enchant weapon.
Your +0 sling glows red for a moment.
Okay, then.
Okay, then.
No target in view!
Terence the Incautious comes into view.
He is wielding a +0 flail and wearing a +1 ring mail of willpower.
Found 3 stones.
You shoot a sling bullet. The sling bullet hits Terence.
Terence is lightly wounded.
Terence hits you with a +0 flail. Terence is struck by your spines.
Terence hits you with a +0 flail.
You shoot a sling bullet.
The sling bullet hits Terence but does no damage.
Terence is lightly wounded.
Terence hits you with a +0 flail!
An adder comes into view.
Terence hits you with a +0 flail!
* * * LOW HITPOINT WARNING * * *
You feel protected.
The adder hisses angrily.
Terence barely misses you.
It was a potion of invisibility.
You become transparent, but the glow from your halo prevents you from becoming completely invisible.
Terence hits you but does no damage.
It was a potion of might.
You feel very mighty all of a sudden. Terence closely misses you.
You shoot a sling bullet. The sling bullet hits Terence.
Terence is moderately wounded.
Terence hits you with a +0 flail!
You die...
Terence says, "That felt goooood."

..# #.# #.#
################.#
8.8.8.8.8.♣.♣.8..#######
........................
♣.8.8.♣.♣.8.8.8.....##
################..$.#
.........# #(.@@...#
##.###...# #...........
#.# #.#.# #..S...###.#
#.# #.#.# #..##### # #.#
#.#.# #.. #.# #.#.# #..
##.###.#.####.
..............
###...........


You could see Terence and an adder.

Vanquished Creatures
  A dart slug (D:2)
  An endoplasm (D:1)
  A giant cockroach (D:1)
  4 goblins (D:1)
  2 hobgoblins
  4 jackals (D:2)
  3 ball pythons
  A bat (D:1)
  A frilled lizard (D:1)
18 creatures vanquished.

Notes
Turn   | Place    | Note
-------+----------+-------------------------------------------
     0 | D:1      | frostburnice the Demonspawn Monk began the quest for the
                  | Orb.
     0 | D:1      | Reached XP level 1. HP: 18/18 MP: 1/1
   132 | D:1      | Gained mutation: You are partially covered in sharp spines.
                  | [demonic ancestry]
   132 | D:1      | Reached XP level 2. HP: 3/24 MP: 2/2
   133 | D:1      | HP: 1/24 [giant cockroach (2)]
   495 | D:3      | Noticed Terence
   502 | D:3      | Slain by Terence

Illustrated notes

Levels and vault maps discovered:
D:1:      kennysheep_arrival_forest, layout_rooms, minmay_lizard_pond
D:2:      layout_loops_ring, minivault_25, uniq_natasha
D:3:      layout_loops_ring, lemuel_doored_altar,
          mainiacjoe_overflow_small_starburst, chequers_avenue, uniq_terence,
          uniq_crazy_yiuf_cottage, uniq_pargi

Skill      XL: |  1  2 |
---------------+-------+-----
Short Blades   | 3 |  3.0
Dodging        | 3 |  3.0
Fighting       | |  3.2
Ranged Weapons | |  0.8

Action                     || total
---------------------------++-------
  Melee: Dagger            ||     5
         Short sword       ||     1
   Fire: Sling             ||    29
    Use: Scroll            ||     3
         Potion            ||     6
 Armour: Robe              ||    19
         Chain mail        ||     6
  Dodge: Dodged            ||    44
